 Dungeon Crawl Stone Soup version 0.30-a0-726-gd89dcf765f (webtiles) character file.

Game seed: 4138019512685033091

2027 Bnni the Spear-Bearer (level 9, -6/72 HPs)
             Began as a Formicid Fighter on Jan 29, 2023.
             Was an Initiate of Yredelemnul.
             Killed from afar by Regoshi's ghost (24 damage)
             ... with a stone arrow
             ... on level 7 of the Dungeon.
             The game lasted 00:07:48 (5201 turns).

Bnni the Spear-Bearer (Formicid Fighter)            Turns: 5201, Time: 00:07:49

Health: -6/72      AC: 10    Str: 26    XL:     9   Next: 47%
Magic:  12/12      EV:  7    Int:  7    God:    Yredelemnul [......]
Gold:   283        SH: 10    Dex: 13    Spells: 8/8 levels left

rFire   + . .      SeeInvis +    r - +1 halberd (protect)
rCold   . . .      Faith    .    b - +0 kite shield
rNeg    + . .      Spirit   .    t - +0 chain mail
rPois   .          Reflect  .    (helmet unavailable)
rElec   .          Harm     .    m - +0 cloak
rCorr   .          Rampage  .    (no gloves)
Will    .....                    (no boots) Stlth
                                 w - amulet of regeneration
HPRegen 1.12/turn                h - ring of protection from fire
MPRegen 0.13/turn                i - ring of positive energy

@: no status effects
A: permanent stasis, dig shafts and tunnels, antennae 3, four strong arms
a: Dig, Shaft Self, Renounce Religion, Recall Undead Harvest


You were on level 7 of the Dungeon.
You worshipped Yredelemnul.
Yredelemnul was noncommittal.
You visited 2 branches of the dungeon, and saw 8 of its levels.
You also visited: Ossuary.

You collected 283 gold pieces.

Inventory:

Hand Weapons
 r - a +1 halberd of protection (weapon)
Missiles
 o - 4 poisoned darts
Armour
 b - a +0 kite shield (worn)
 m - a +0 cloak (worn)
 t - a +0 chain mail (worn)
Jewellery
 h - a ring of protection from fire (left hand)
 i - a ring of positive energy (right hand)
 w - an amulet of regeneration (around neck)
Wands
 x - a wand of digging (7)
 y - a wand of flame (16)
Scrolls
 a - a scroll of enchant weapon
 c - 3 scrolls of immolation {unknown}
 e - 2 scrolls of amnesia {unknown}
 g - 2 scrolls of noise {unknown}
 j - 2 scrolls of silence
 k - 2 scrolls of teleportation {unknown}
 n - 6 scrolls of vulnerability
 q - 2 scrolls of magic mapping
 v - 2 scrolls of enchant armour
Potions
 f - a potion of ambrosia
 l - 2 potions of attraction {unknown}
 p - 5 potions of curing
 s - 4 potions of mutation
 u - a potion of lignification {unknown}
 z - 2 potions of resistance {unknown}
 A - a potion of heal wounds {unknown}
 C - a potion of flight {unknown}


   Skills:
 + Level 7.1 Fighting
 * Level 8.4 Polearms
 - Level 3.2 Armour
 + Level 7.8 Shields
 + Level 4.2 Invocations


You had 8 spell levels left.
You didn't know any spells.
Your spell library contained the following spells:

 Spells                   Type           Power      Damage    Failure   Level
 Sandblast                Erth           0%         2d4       99%         1
 Passwall                 Tmut/Erth      0%         N/A       100%        2
 Stone Arrow              Conj/Erth      0%         3d7       100%        3


Dungeon Overview and Level Annotations

Branches:
Dungeon (7/15)             Temple (1/1) D:5         Ossuary (visited)

Altars:
Dithmenos
Gozag
Hepliaklqana
Makhleb
Okawaru
Ru
Trog
Uskayaw
Xom
Yredelemnul
The Shining One

Shops:
D:5 (

Annotations:
D:7 Regoshi's ghost, novice DEEE


Innate Abilities, Weirdness & Mutations

You cannot be hasted, slowed, berserked, paralysed or teleported.
You can dig through walls and to a lower floor.
You have a pair of large antennae on your head. (SInv)
Your four strong arms can wield two-handed weapons with a shield.


Message History

Maggie misses Regoshi's ghost.
You miss Regoshi's ghost. You block Regoshi's ghost's attack.
Maggie closely misses Regoshi's ghost.
You completely miss Regoshi's ghost. Regoshi's ghost barely misses you.
Maggie hits Regoshi's ghost.
You barely miss Regoshi's ghost.
Regoshi's ghost is lightly damaged.
Regoshi's ghost makes a sound of rattling chains.
Regoshi's ghost gestures at you while chanting.
The blast of sand hits you! Regoshi's ghost hits you.
Regoshi's ghost freezes you.
Maggie closely misses Regoshi's ghost.
You are too injured to fight recklessly!
You are too injured to fight recklessly!
You closely miss Regoshi's ghost.
Regoshi's ghost is lightly damaged.
Regoshi's ghost closely misses you.
You closely miss Regoshi's ghost.
Regoshi's ghost is lightly damaged.
Maggie hits Regoshi's ghost but does no damage.
Regoshi's ghost hits you! Regoshi's ghost freezes you.
You barely miss Regoshi's ghost.
Regoshi's ghost is lightly damaged.
You feel a little less mighty now.
Maggie completely misses Regoshi's ghost.
Regoshi's ghost gestures at you while chanting.
The blast of sand misses you.
You miss Regoshi's ghost.
Regoshi's ghost is lightly damaged.
You block Regoshi's ghost's attack.
Maggie barely misses Regoshi's ghost.
You miss Regoshi's ghost.
Regoshi's ghost is lightly damaged.
Regoshi's ghost hits you!
* * * LOW HITPOINT WARNING * * *
Regoshi's ghost freezes you.
* * * LOW HITPOINT WARNING * * *
Maggie barely misses Regoshi's ghost.
Regoshi's ghost gestures at you while chanting.
The stone arrow hits you!!
You die...
Your body rises from the dead as a mindless zombie.

#......#
#......#
#......#
##......#
####.......#
#..........##
###
#...........##
..##
###..........#
#..#
##..#####@Z[#
##.# ###...#
##W##
##.###..)#.#
#.[)#
.#...<.###.#
#P8P#
.............
#####
#......#.....
###....#.##.##
#.##...# .#
#.##.<.. .#


You could see Regoshi's ghost (ally target) and the friendly Maggie the human
zombie.

Vanquished Creatures
  Pikel (D:4)
  Maggie (D:7)
  An ice beast (D:6)
  2 phantoms (D:5)
  3 scorpions
  2 necrophages
  A killer bee (D:7)
  2 orc priests (D:5)
  A hound (D:5)
  3 jellies
  3 iguanas
  4 orc wizards (D:6)
  3 mummies (Ossuary)
  3 gnolls (D:4)
  11 adders
  2 shadow imps
  An ufetubus (D:6)
  3 adder zombies (Ossuary)
  2 worms
  2 dart slugs
  20 orcs
  7 endoplasms
  3 giant cockroaches
  A gnoll zombie (Ossuary)
  7 goblins
  3 hobgoblins
  4 jackals
  3 quokkas
  2 ball pythons
  7 bats
  3 frilled lizards
  5 hobgoblin zombies (Ossuary)
  8 kobolds
  3 kobold zombies (Ossuary)
  3 quokka zombies (Ossuary)
  8 rats
  3 rat zombies (Ossuary)
141 creatures vanquished.

Vanquished Creatures (collateral kills)
  A bullfrog (D:7)
  An adder (D:5)
  An orc (D:6)
3 creatures vanquished.

Vanquished Creatures (others)
  A killer bee zombie (D:7)
  An adder zombie (D:6)
  A jelly zombie (D:6)
  2 orc zombies (D:6)
5 creatures vanquished.

Grand Total: 149 creatures vanquished

Notes
Turn   | Place    | Note
-------+----------+-------------------------------------------
     0 | D:1      | Bnni the Formicid Fighter began the quest for the Orb.
     0 | D:1      | Reached XP level 1. HP: 18/18 MP: 1/1
    65 | D:1      | Found a faded altar of an unknown god.
   261 | D:1      | Reached XP level 2. HP: 24/24 MP: 2/2
   756 | D:2      | Reached XP level 3. HP: 30/30 MP: 3/3
   952 | D:2      | Reached skill level 3 in Polearms
  1597 | D:3      | Reached XP level 4. HP: 37/37 MP: 4/4
  1717 | D:3      | Reached skill level 4 in Polearms
  1946 | D:3      | Reached XP level 5. HP: 42/42 MP: 5/5
  2002 | D:3      | Found a sacrificial altar of Ru.
  2456 | D:4      | Reached XP level 6. HP: 25/49 MP: 6/6
  2745 | D:4      | Noticed Pikel
  2758 | D:4      | Killed Pikel
  2759 | D:4      | Reached skill level 5 in Fighting
  2759 | D:4      | Reached skill level 6 in Polearms
  2759 | D:4      | Reached skill level 5 in Shields
  2759 | D:4      | Reached XP level 7. HP: 12/56 MP: 7/7
  2986 | D:5      | Entered Level 5 of the Dungeon
  2996 | D:5      | Reached XP level 8. HP: 61/64 MP: 8/8
  3042 | D:5      | Found an iron altar of Okawaru.
  3077 | D:5      | Found a staircase to the Ecumenical Temple.
  3083 | Temple   | Entered the Ecumenical Temple
  3111 | Temple   | Became a worshipper of Yredelemnul the Dark
  3207 | D:5      | Found a hide-covered altar of Uskayaw.
  3221 | D:5      | Reached skill level 1 in Invocations
  3275 | D:5      | Reached * piety under Yredelemnul
  3330 | D:5      | Found Buinijont's Weapon Boutique.
  3637 | D:5      | Reached skill level 7 in Polearms
  4034 | D:6      | Reached XP level 9. HP: 71/71 MP: 11/11
  4202 | D:6      | Found a sand-covered staircase.
  4210 | Ossuary  | Entered an ossuary
  4585 | D:6      | Found a hazy altar of Hepliaklqana.
  4660 | D:6      | Reached skill level 8 in Polearms
  4682 | D:6      | Found a shimmering altar of Xom.
  4689 | D:6      | Found a bloodstained altar of Trog.
  5134 | D:7      | Noticed Maggie
  5153 | D:7      | Killed Maggie
  5184 | D:7      | Found a runed translucent door.
  5188 | D:7      | Noticed Regoshi's ghost (novice DEEE)
  5201 | D:7      | Killed from afar by Regoshi's ghost

Illustrated notes

Levels and vault maps discovered:
D:1:      lightli_arrival_windingriver, layout_basic,
          ebering_ecumenical_altar_webs, minivault_11, kennysheep_pointless_box
D:2:      layout_basic, amcnicky_mini_rare_corridor_liquid
D:3:      layout_loops_ring, mainiacjoe_overflow_catwalk, grunt_ministairs_9,
          minmay_fountain_box
D:4:      layout_basic, uniq_pikel
D:5:      layout_basic, nicolae_uskayaw_suspiria, kennysheep_little_box,
          minmay_temple_entry_fiery, serial_shops, shop, kennysheep_minor_cross
D:6:      layout_loops_ring, general_overflow_altar,
          mainiacjoe_overflow_big_doors, chequers_ossuary_entry_cave
D:7:      layout_rooms, mainiacjoe_overflow_tiny_flanked, gammafunk_ghost_grave,
          uniq_maggie, uniq_joseph
Temple:   jpeg_temple_clearing

Skill      XL: |  1  2  3  4  5  6  7  8  9 |
---------------+----------------------------+-----
Polearms       | 3 4 6 7 8 |  8.4
Fighting       | 4 5 6 7 |  7.1
Shields        | 5 6 7 |  7.8
Invocations    | 3 4 |  4.2
Armour         | |  3.2

Action                     |  1- 3 |  4- 6 |  7- 9 || total
---------------------------+-------+-------+-------++-------
  Melee: Trident           |    92 |   130 |     9 ||   231
         Halberd           |       |       |   253 ||   253
  Throw: Dart              |       |       |     3 ||     3
  Evoke: Wand              |       |       |     1 ||     1
    Use: Potion            |       |     1 |     1 ||     2
         Scroll            |       |       |    11 ||    11
 Armour: Scale mail        |    32 |    23 |       ||    55
         Chain mail        |       |    24 |    99 ||   123
  Dodge: Dodged            |    22 |    39 |    67 ||   128
  Block: Buckler           |    15 |    14 |       ||    29
         Kite shield       |       |    23 |   125 ||   148

Table legend: (Time is in decaauts)
 A = Elapsed time spent in this place.
 B = Non-inter-level travel time spent in this place.
 C = Inter-level travel time spent in this place.
 D = Time resting spent in this place.
 E = Time spent auto-exploring this place.
 F = Levels seen in this place.
 G = Mean time per level.
                   A        B        C        D        E       F      G
               +--------+--------+--------+--------+--------+-----+--------+
         Total |   5302 |   5124 |    178 |    192 |   3797 |   9 |  589.1 |
       Dungeon |   5015 |   4850 |    165 |    175 |   3653 |   7 |  716.4 |
        Temple |     43 |     30 |     13 |      0 |     16 |   1 |   43.0 |
       Ossuary |    243 |    243 |      0 |     17 |    128 |   1 |  243.0 |
               +--------+--------+--------+--------+--------+-----+--------+

Top non-repeatable levels by time:
     D:5: 903 daAuts
     D:6: 901 daAuts
     D:4: 830 daAuts
     D:2: 826 daAuts
     D:1: 720 daAuts
     D:3: 651 daAuts
 Ossuary: 243 daAuts
     D:7: 182 daAuts
  Temple: 43 daAuts
